 Dungeon Crawl Stone Soup version 0.31-a0-692-gf03d1854d5 (webtiles) character file.

Game seed: 11069183172610279505

154 qw the Shooter (level 5, 0/32 HPs)
             Began as a Gargoyle Hunter on Sept 6, 2023.
             Slain by an iguana (6 damage)
             ... on level 4 of the Dungeon.
             The game lasted 00:00:48 (2575 turns).

qw the Shooter (Gargoyle Hunter)                    Turns: 2575, Time: 00:00:49

Health: 0/32       AC: 10    Str: 15      XL:     5   Next: 36%
Magic:  5/5        EV: 11    Int:  8 (9)  God:
Gold:   181        SH:  0    Dex: 15      Spells: 4/4 levels left

rFire   . . .        Y - +0 shortbow
rCold   . . .        (shield currently unavailable)
rNeg    + . .        n - +0 ring mail
rPois   inf          c - +0 helmet
rElec   +            (no cloak)
rCorr   .            (no gloves)
SInv    .            (no boots)
Will    .....        (no amulet)
Stlth   +            (no ring)
HPRegen 0.25/turn    (no ring)
MPRegen 0.09/turn

%: no passive effects
@: no status effects
A: sickness immunity, AC +4, negative energy resistance 1, electricity
resistance, torment resistance 1, petrification resistance
a: no special abilities


You were on level 4 of the Dungeon.
You visited 1 branch of the dungeon, and saw 4 of its levels.

You collected 181 gold pieces.


Innate Abilities, Weirdness & Mutations

You are immune to sickness and miasma.
Your stone body is resilient. (AC +4)
You are immune to poison.
You resist negative energy. (rN+)
You are resistant to electric shocks. (rElec)
You are resistant to unholy torment.
You are immune to petrification.


   Skills:
 - Level 3.4 Fighting
 + Level 5.7 Ranged Weapons
 - Level 1.3 Armour
 - Level 1.5 Dodging
 - Level 1.1 Stealth


You had 4 spell levels left.
You didn't know any spells.
Your spell library was empty.

Inventory:

Hand Weapons
 Y - a +0 shortbow (weapon)
Armour
 c - a +0 helmet (worn)
 n - a +0 ring mail (worn)
Jewellery
 j - a ring of fire
Scrolls
 b - a scroll of identify
Potions
 a - a potion of curing {unknown}
 f - a potion of heal wounds {unknown}
 m - a potion of enlightenment {unknown}

Dungeon Overview and Level Annotations

Branches:
Dungeon (4/15)
 Temple: D:4-7

Altars:

Shops:
D:2 :


Message History

You shoot an arrow. The arrow hits the scorpion.
The scorpion is almost dead.
The scorpion misses you.
The scorpion stings you but does no damage.
You shoot an arrow.
The arrow hits the scorpion but does no damage.
The scorpion is almost dead.
The scorpion closely misses you. x2
You shoot an arrow.
The arrow completely misses the scorpion.
The scorpion closely misses you.
You shoot an arrow. The arrow closely misses the scorpion.
The scorpion misses you. The scorpion closely misses you.
2568 |||
Found retreat position at 1,0 (floor) with 0 blocking monsters and 1 monsters attacking at destination at distance 1
2568 ||| Stepping ~*~*~tactically~*~*~ (retreating).
The iguana hisses angrily.
The scorpion attacks as it pursues you! The scorpion stings you.
You shoot an arrow. The arrow closely misses the scorpion.
The scorpion stings you but does no damage.
You shoot an arrow. The arrow hits the scorpion.
You kill the scorpion!
You feel your intelligence returning.
You feel your dexterity returning.
You have reached level 5!
You shoot an arrow. The arrow barely misses the iguana.
The iguana bites you! The iguana bites you.
You shoot an arrow. The arrow hits the iguana.
The iguana is moderately wounded.
The iguana bites you.
You shoot an arrow. The arrow hits the iguana!
The iguana is severely wounded.
The iguana bites you.
You shoot an arrow.
The arrow hits the iguana but does no damage.
The iguana is severely wounded.
The iguana bites you.
You shoot an arrow.
The arrow hits the iguana but does no damage.
The iguana is severely wounded.
The iguana bites you.
You die...

#l #.# #. #.# . ..
####.######.# #.
#............ ##s
####.##........# #..
..#.##........#
#..####.#.##<##..#..#
#....##.#......)....
#.##.l@..............
# ####.####.#####.##
#.#####.# #... ..
#....^..# ##### .
#########


You could see an iguana.

Vanquished Creatures
  A scorpion (D:4)
  Jessica (D:3)
  2 adders
  3 dart slugs
  6 ball pythons
  4 endoplasms
  4 giant cockroaches
  2 goblins
  4 hobgoblins
  A quokka (D:2)
  9 bats
  5 frilled lizards
  2 kobolds (D:1)
  6 rats
50 creatures vanquished.

Notes
Turn   | Place    | Note
-------+----------+-------------------------------------------
     0 | D:1      | qw the Gargoyle Hunter began the quest for the Orb.
     0 | D:1      | Reached XP level 1. HP: 12/12 MP: 1/1
     0 | D:1      | 0 ||| qw: Version: 0.3-a-76-g4403597
     0 | D:1      | 0 ||| qw: Game counter: 144
     0 | D:1      | 0 ||| qw: Melee chars always use a shield: true
     0 | D:1      | 0 ||| qw: God list: Okawaru
     0 | D:1      | 0 ||| qw: Allow faded altars: false
     0 | D:1      | 0 ||| qw: Do Orc after clearing Dungeon:15 true
     0 | D:1      | 0 ||| qw: Do second Lair branch before Depths: true
     0 | D:1      | 0 ||| qw: Lair rune preference: random
     0 | D:1      | 0 ||| qw: Goals: Normal
     0 | D:1      | 0 ||| PLANNING D:1-11
    66 | D:1      | Reached XP level 2. HP: 17/17 MP: 2/2
   751 | D:1      | Reached XP level 3. HP: 21/21 MP: 3/3
   858 | D:1      | 858 ||| UPGRADING to +0 ring mail.
   868 | D:1      | 868 ||| DROPPING +0 leather armour.
   869 | D:1      | 869 ||| READING 2 scrolls labelled DOHOES ZETIZE.
   870 | D:1      | 870 ||| READING scroll labelled TUXEDO MIANIUPN.
   871 | D:1      | 871 ||| READING scroll labelled REAPNA MOEMNEI.
   972 | D:1      | 972 ||| READING scroll labelled POSTROH METUQEUT.
   973 | D:1      | 973 ||| READING scroll labelled WARCHE ISSU.
   974 | D:1      | 974 ||| READING scroll labelled HAF BUTEANK.
   978 | D:1      | 978 ||| DROPPING scroll of blinking.
   979 | D:1      | 979 ||| DROPPING scroll of butterflies.
  1028 | D:2      | Reached skill level 1 in Armour
  1074 | D:2      | Reached skill level 5 in Ranged Weapons
  1559 | D:2      | Found Vupnafe's Book Emporium.
  1615 | D:2      | Reached XP level 4. HP: 27/27 MP: 4/4
  1749 | D:2      | 1749 ||| UPGRADING to +0 helmet.
  1754 | D:2      | 1754 ||| READING 4 scrolls labelled GEAV ZUSOU.
  1755 | D:2      | 1755 ||| READING scroll labelled EMYOLEZXAMP.
  1756 | D:2      | 1756 ||| DRINKING 2 fizzy coppery potions.
  1757 | D:2      | 1757 ||| DRINKING 2 fizzy orange potions.
  1758 | D:2      | 1758 ||| DROPPING 3 scrolls of revelation.
  1759 | D:2      | 1759 ||| DROPPING potion of degeneration.
  1760 | D:2      | 1760 ||| DROPPING potion of attraction.
  1853 | D:3      | Noticed Jessica
  1856 | D:3      | Killed Jessica
  1857 | D:3      | Reached skill level 3 in Fighting
  2114 | D:3      | Found a faded altar of an unknown god.
  2475 | D:3      | 2475 ||| DROPPING ring of flight.
  2476 | D:3      | 2476 ||| DRINKING 2 green potions.
  2507 | D:3      | 2507 ||| DROPPING potion of lignification.
  2556 | D:4      | Noticed a scorpion
  2560 | D:4      | 2560 ||| RETREATING.
  2568 | D:4      | 2568 ||| Stepping ~*~*~tactically~*~*~ (retreating).
  2570 | D:4      | Killed a scorpion
  2571 | D:4      | Reached XP level 5. HP: 21/32 MP: 5/5
  2572 | D:4      | HP: 8/32 [iguana (2)]
  2575 | D:4      | Slain by an iguana

Levels and vault maps discovered:
D:1:      pf_arrival_petrified_forest, layout_basic, minmay_pentomino_v2
D:2:      wad_crossroads, layout_basic, serial_shops, nicolae_shop_stone
D:3:      layout_basic, shapermc_ecumenical_altar_flowoftime,
          minmay_misc_feat_chi, uniq_jessica
D:4:      layout_loops_cross, uniq_natasha, uniq_duvessa, uniq_pikel

Skill      XL: |  1  2  3  4 |
---------------+-------------+-----
Armour         | 1 |  1.3
Ranged Weapons | 5 |  5.7
Fighting       | 3 |  3.4
Dodging        | |  1.5
Stealth        | |  1.1

Action                     |  1- 3 |  4- 6 || total
---------------------------+-------+-------++-------
   Fire: Shortbow          |   106 |    48 ||   154
    Use: Scroll            |     6 |     2 ||     8
         Potion            |       |     3 ||     3
 Armour: Leather armour    |     4 |       ||     4
         Ring mail         |    11 |    26 ||    37
  Dodge: Dodged            |    16 |    15 ||    31

Table legend:
 A = Non-vault XP
 B = Vault XP
 C = Vault XP percentage of total XP
 D = Non-vault monster count
 E = Vault monster count
 F = Vault count percentage of total count
                 A         B        C        D         E       F
            +---------+---------+-------+---------+---------+-------
      Total |     177 |      44 |  19.9 |      43 |       7 |  14.0
            +---------+---------+-------+---------+---------+-------
        D:1 |      34 |       2 |   5.6 |      20 |       2 |   9.1
        D:2 |      41 |       5 |  10.9 |      17 |       4 |  19.0
        D:3 |      22 |      37 |  62.7 |       5 |       1 |  16.7
        D:4 |      80 |       0 |   0.0 |       1 |       0 |   0.0
            +---------+---------+-------+---------+---------+-------
